 Dungeon Crawl Stone Soup version 0.17.1-2-g5865329 (webtiles) character file.

3755 Moresty the Grappler (level 9, -9/93 HPs)
             Began as a Troll Monk on Jan 13, 2016.
             Was a Believer of Okawaru.
             Mangled by a mummy (17 damage)
             ... in an ossuary.
             The game lasted 00:21:46 (5894 turns).

Moresty the Grappler (Troll Monk)                   Turns: 5894, Time: 00:21:46

Health: -9/93      AC:  5    Str: 24    XL:     9   Next: 94%
Magic:  8/8        EV: 13    Int: 10    God:    Okawaru [**....]
Gold:   295        SH:  0    Dex: 12    Spells: 0 memorised, 8 levels left

rFire  . . .     SeeInvis .       - Unarmed
rCold  . . .     Clarity  .     a - +0 robe
rNeg   + . .     SustAt   .     (no shield)
rPois  .         Gourm    +     (helmet restricted)
rElec  .         Spirit   .     (no cloak)
rCorr  .         Warding  .     (gloves unavailable)
rMut   .         Stasis   .     (boots unavailable)
MR     .....                    D - amulet of rage (curse)
Stlth  ++........               u - +4 ring of intelligence
                                y - ring of positive energy

@: heroism, not resistant to hostile enchantments, unstealthy
A: unfitting armour, claws 3, fast metabolism 3, gourmand, regeneration 2,
shaggy fur 1, tough skin 2
a: Heroism, Renounce Religion, Evoke Berserk Rage


You were in an ossuary.
You worshipped Okawaru.
Okawaru was pleased with you.
You were not hungry.

You visited 2 branches of the dungeon, and saw 8 of its levels.
You also visited: Ossuary.

You collected 295 gold pieces.

Inventory:

Armour
 a - a +0 robe (worn)
 h - a +2 pair of gloves
Jewellery
 m - an uncursed ring of sustain attributes
 u - a +4 ring of intelligence (right claw)
 y - a ring of positive energy (left claw)
 D - a cursed amulet of rage (around neck)
Wands
 k - a wand of invisibility (5)
Scrolls
 d - 6 scrolls of identify
 f - 3 scrolls of magic mapping {unknown}
 i - 3 scrolls of immolation {unknown}
 l - 3 scrolls of enchant armour {unknown}
 n - 8 scrolls of teleportation {unknown}
 o - 3 scrolls of recharging {unknown}
 q - a scroll of enchant weapon {unknown}
 r - 2 scrolls of remove curse {unknown}
 w - a scroll of fog {unknown}
 B - a scroll of random uselessness {unknown}
 E - a scroll of blinking {unknown}
Potions
 c - 2 potions of degeneration {unknown}
 e - 3 potions of curing {unknown}
 g - a potion of lignification {unknown}
 j - a potion of resistance {unknown}
 p - a potion of agility {unknown}
 A - a potion of brilliance {unknown}
 C - 2 potions of might {unknown}
 F - 2 potions of ambrosia {unknown}
Books
 v - a book of Spatial Translocations

   Spells                             Type                      Level
   a - Apportation                    Translocation                1
   b - Blink                          Translocation                2
   c - Shroud of Golubria             Charms/Translocation         2
   d - Portal Projectile              Translocation                3
   e - Teleport Other                 Translocation                3
   f - Passage of Golubria            Translocation                4
Comestibles
 b - 3 bread rations
 s - a royal jelly
 t - 3 meat rations
 x - a slice of pizza


   Skills:
 + Level 7.1(12.1) Fighting
 + Level 3.2(8.2) Dodging
 - Level 1.1(6.1) Stealth
 * Level 12.0(17.0) Unarmed Combat


You had 8 spell levels left.
You didn't know any spells.

Dungeon Overview and Level Annotations

Branches:
Dungeon (7/15)             Temple (1/1) D:6

Altars:
Ashenzari
Cheibriados
Fedhas
Gozag
Nemelex Xobeh
Okawaru
Qazlal
Ru
Sif Muna
Vehumet
Xom
Yredelemnul
The Shining One

Shops:
D:4 *


Innate Abilities, Weirdness & Mutations

You are too large for most types of armour.
You have claws for hands.
Your metabolism is lightning-fast.
You like to eat raw meat.
You heal very quickly.
You are covered in fur (AC +1).
You have very tough skin (AC +2).


Message History

You destroy the decayed bog body!
Okawaru accepts your kill.
Your base Unarmed Combat skill increases to level 12!
You mangle the mummy!!
You destroy the mummy!
Okawaru accepts your kill.
The mummy moves out of view.
You claw the quokka zombie!
You destroy the quokka zombie!
Okawaru accepts your kill.
You enter the shallow water.
Moving in this stuff is going to be slow.
There is an open door, spattered with blood here.
The mummy hits you! The mummy hits you!
* * * LOW HITPOINT WARNING * * *
The mummy hits you!
* * * LOW HITPOINT WARNING * * *
The mummy hits you!
You die...

+≈≈.≈≈.≈≈≈≈≈.≈'P#
###.#####.#####≈#≈#
#..≈#...#.#...#.≈P#
##≈≈'...#≈#...≈≈###
#..M#...#≈#...#.'.#
###.#####.#####.###
#.'.%.# +≈' #.'.'.#
###.#####Z#####.###
#...#M@.#≈#∩..#...#
##≈≈'...#≈#.∩.%≈≈##
#..≈#...#≈#...#≈..#
#≈#≈#####≈#####≈≈##
#..≈≈.M.≈≈≈≈.≈≈≈≈P#
#≈≈.≈.≈.≈.#.≈.#≈≈≈#
##≈P≈.≈.≈P≈.≈P≈P###
#≈#≈≈#≈≈≈≈≈≈≈###≈
#≈##≈≈##≈###≈# ≈


You could see a mummy.

Vanquished Creatures
  The ghost of Flanowski the Skirmisher, a novice DrFi of the Shining One (D:6)
  The ghost of svendre the Cudgeler, a novice OgGl (Ossuary)
  Grinder (D:3)
  A wyvern (D:5)
  A sky beast (D:7)
  3 ice beasts (D:5)
  A phantom (D:5)
  An orc warrior (D:7)
  6 ogres
  3 scorpions
  4 bog bodies (Ossuary)
  3 giant frog zombies (Ossuary)
  3 crimson imps
  A giant frog skeleton (D:5)
  4 orc priests
  2 gnoll shamans (D:5)
  3 hounds
  An iguana (D:6)
  Jessica (D:2)
  4 orc wizards
  5 worker ants
  2 hound skeletons
  6 mummies (Ossuary)
  4 gnolls (D:2)
  8 adders
  2 oozes
  An adder zombie (Ossuary)
  4 worms
  A giant gecko (D:2)
  22 orcs
  2 bats (D:3)
  3 giant cockroaches
  4 hobgoblins
  13 jackals
  5 quokkas
  A giant cockroach zombie (D:5)
  A giant gecko zombie (Ossuary)
  8 giant newts
  8 goblins
  5 kobolds
  2 quokka skeletons (D:5)
  A quokka zombie (Ossuary)
  10 rats
163 creatures vanquished.

Vanquished Creatures (others)
  An orc (D:6)
  3 plants (Ossuary)
4 creatures vanquished.

Grand Total: 167 creatures vanquished

Notes
Turn   | Place    | Note
--------------------------------------------------------------
     0 | D:1      | Moresty the Troll Monk began the quest for the Orb.
     0 | D:1      | Reached XP level 1. HP: 22/22 MP: 0/0
   375 | D:1      | Reached XP level 2. HP: 29/29 MP: 1/1
   577 | D:2      | Reached XP level 3. HP: 27/36 MP: 2/2
   612 | D:2      | Reached skill level 5 in Unarmed Combat
   907 | D:2      | Noticed Jessica
   913 | D:2      | Killed Jessica
   913 | D:2      | Reached XP level 4. HP: 43/45 MP: 3/3
   935 | D:2      | Found a sacrificial altar of Ru.
  1426 | D:3      | Found a radiant altar of Vehumet.
  1426 | D:3      | Found an opulent altar of Gozag.
  1492 | D:3      | Found a stormy altar of Qazlal.
  1573 | D:3      | Found a glowing golden altar of the Shining One.
  1622 | D:3      | Reached XP level 5. HP: 49/53 MP: 4/4
  1697 | D:3      | Noticed an ogre
  1702 | D:3      | Killed an ogre
  1702 | D:3      | Reached skill level 6 in Unarmed Combat
  1819 | D:3      | Found a shattered altar of Ashenzari.
  1853 | D:3      | Reached XP level 6. HP: 62/62 MP: 5/5
  1995 | D:3      | Noticed Grinder
  2011 | D:3      | Paralysed by Grinder for 5 turns
  2021 | D:3      | Killed Grinder
  2021 | D:3      | Reached skill level 7 in Unarmed Combat
  2315 | D:4      | Reached XP level 7. HP: 51/71 MP: 6/6
  2585 | D:4      | Found Cividghia's General Store.
  2999 | D:5      | Entered Level 5 of the Dungeon
  3002 | D:5      | Noticed a wyvern
  3005 | D:5      | Killed a wyvern
  3005 | D:5      | Reached skill level 8 in Unarmed Combat
  3031 | D:5      | Reached skill level 5 in Fighting
  3051 | D:5      | Found a deep blue altar of Sif Muna.
  3157 | D:5      | Reached XP level 8. HP: 43/80 MP: 7/7
  3246 | D:5      | Reached skill level 9 in Unarmed Combat
  3763 | D:5      | Reached skill level 10 in Unarmed Combat
  3843 | D:6      | Found a staircase to the Ecumenical Temple.
  3851 | Temple   | Entered the Ecumenical Temple
  4034 | D:6      | Noticed Flanowski's ghost (novice DrFi)
  4181 | D:6      | HP: 4/83 [Flanowski's ghost/bolt of negative energy (46)]
  4186 | D:6      | HP: 4/83 [Flanowski's ghost (9)]
  4333 | Temple   | Became a worshipper of Warmaster Okawaru
  4333 | Temple   | Reached * piety under Okawaru
  4333 | Temple   | Reached ** piety under Okawaru
  4387 | D:6      | Killed Flanowski's ghost
  4387 | D:6      | Reached XP level 9. HP: 18/92 MP: 6/8
  4601 | D:6      | Reached skill level 11 in Unarmed Combat
  5625 | D:7      | Found a sand-covered staircase.
  5650 | Ossuary  | Entered an ossuary
  5668 | Ossuary  | Noticed svendre's ghost (novice OgGl)
  5685 | Ossuary  | Killed svendre's ghost
  5874 | Ossuary  | Reached skill level 12 in Unarmed Combat
  5894 | Ossuary  | Mangled by a mummy

Action                   |  1- 3 |  4- 6 |  7- 9 || total
-------------------------+-------+-------+-------++-------
Melee: Unarmed           |    47 |   123 |   273 ||   443
Invok: Heroism           |       |       |     4 ||     4
  Use: Scroll            |       |     1 |       ||     1
       Potion            |       |       |     5 ||     5
 Stab: Sleeping          |     1 |     4 |     3 ||     8
  Eat: Chunk             |     7 |    20 |    28 ||    55
